 Dungeon Crawl Stone Soup version 0.28.0-47-ge53b351184 (webtiles) character file.

Game seed: 7662965229706701300

1834 Peloso the Carver (level 8, -5/71 HPs)
             Began as a Minotaur Fighter on May 7, 2022.
             Slain by Duvessa
             ... wielding a +0 rapier
              (10 damage)
             ... on level 6 of the Dungeon.
             The game lasted 00:06:53 (6363 turns).

Peloso the Carver (Minotaur Fighter)                Turns: 6363, Time: 00:06:53

Health: -5/71      AC: 12    Str: 21    XL:     8   Next: 87%
Magic:  7/7        EV: 12    Int:  5    God:
Gold:   305        SH:  6    Dex: 18    Spells: 7/7 levels left

rFire   . . .      SeeInvis .   a - +0 long sword
rCold   . . .      Faith    .   c - +0 buckler
rNeg    . . .      Spirit   .   r - +2 swamp dragon scales
rPois   +          Reflect  .   (helmet restricted)
rElec   .          Harm     .   (no cloak)
rCorr   .          Rampage  .   (no gloves)
Will    .....                   j - +0 pair of boots
Stlth   +.........              t - amulet of regeneration
HPRegen 1.01/turn               g - +6 ring of dexterity
MPRegen 0.10/turn               (no ring)

@: no status effects
A: horns 2, retaliatory headbutt
a: no special abilities


You were on level 6 of the Dungeon.
You visited 2 branches of the dungeon, and saw 7 of its levels.

You collected 305 gold pieces.

Inventory:

Hand Weapons
 a - a +0 long sword (weapon)
Missiles
 q - 2 throwing nets (quivered)
Armour
 b - a +1 scale mail
 c - a +0 buckler (worn)
 j - a +0 pair of boots (worn)
 r - +2 swamp dragon scales (worn)
Jewellery
 g - a +6 ring of dexterity (left hand)
 n - a ring of protection from cold
 p - an amulet of faith
 t - an amulet of regeneration (around neck)
Wands
 f - a wand of mindburst (7)
 o - a wand of polymorph (7)
Scrolls
 e - a scroll of enchant weapon {unknown}
 s - 3 scrolls of teleportation {unknown}
 v - a scroll of magic mapping {unknown}
Potions
 d - a potion of might
 h - a potion of haste {unknown}
 i - a potion of mutation {unknown}
 k - a potion of resistance {unknown}
 l - 2 potions of heal wounds {unknown}
 m - a potion of degeneration {unknown}
 u - a potion of flight {unknown}


   Skills:
 + Level 6.5 Fighting
 + Level 9.3 Long Blades
 + Level 7.6 Armour
 + Level 2.8 Dodging
 + Level 1.3 Stealth
 + Level 5.1 Shields
 + Level 1.0 Evocations


You had 7 spell levels left.
You didn't know any spells.
Your spell library contained the following spells:

 Spells                   Type           Power      Damage    Failure   Level
 Frozen Ramparts          Ice            0%         1d2       97%         3
 Gell's Gravitas          Tloc           0%         N/A       97%         3
 Lesser Beckoning         Tloc           0%         N/A       97%         3
 Teleport Other           Tloc           0%         N/A       97%         3
 Ice Form                 Ice/Tmut       0%         N/A       100%        4
 Summon Ice Beast         Ice/Summ       0%         N/A       100%        4


Dungeon Overview and Level Annotations

Branches:
Dungeon (6/15)             Temple (1/1) D:6

Altars:
Ashenzari
Cheibriados
Elyvilon
Fedhas
Gozag
Kikubaaqudgha
Makhleb
Qazlal
Ru
Sif Muna
Trog
Vehumet
Wu Jian
Xom
Yredelemnul
Zin
The Shining One

Annotations:
D:6 Duvessa


Innate Abilities, Weirdness & Mutations

You have a pair of horns on your head.
You reflexively headbutt those who attack you in melee.


Message History

Duvessa is lightly wounded.
Duvessa hits you but does no damage.
You hit Duvessa. You headbutt Duvessa, but do no damage.
Duvessa is lightly wounded.
Duvessa hits you with a +0 rapier!! Duvessa completely misses you.
You furiously retaliate!
You headbutt Duvessa. You completely miss Duvessa.
Duvessa is lightly wounded.
Duvessa hits you with a +0 rapier.
You hit Duvessa but do no damage.
Duvessa is lightly wounded.
Duvessa barely misses you. Duvessa hits you with a +0 rapier.
You hit Duvessa. You headbutt Duvessa.
Duvessa is moderately wounded.
Duvessa hits you with a +0 rapier!
You hit Duvessa. You headbutt Duvessa, but do no damage.
Duvessa is moderately wounded.
Duvessa closely misses you. You furiously retaliate!
You headbutt Duvessa, but do no damage. Duvessa hits you but does no damage.
You barely miss Duvessa. You headbutt Duvessa!
Duvessa is heavily wounded.
Duvessa hits you with a +0 rapier!
* * * LOW HITPOINT WARNING * * *
You hit Duvessa but do no damage.
Duvessa is heavily wounded.
Duvessa closely misses you. You furiously retaliate!
You headbutt Duvessa! You completely miss Duvessa.
Your headbutt misses Duvessa.
Duvessa is severely wounded.
Duvessa hits you with a +0 rapier!
* * * LOW HITPOINT WARNING * * *
Duvessa hits you with a +0 rapier!
* * * LOW HITPOINT WARNING * * *
Okay, then.
You hit Duvessa but do no damage.
Duvessa is severely wounded.
You block Duvessa's attack.
You slash Duvessa!
Duvessa is severely wounded.
Duvessa hits you with a +0 rapier!
You die...

########...#
##..........#
...#####....# +#
##.....##...# .#
##.....##...# .#
.......##...#####.#
.......#........#.#
.._......######.e$#.#
.....##........>@...#
.....##.########..#.#
...####... #..# #
..†####.##+### ##.#
##...........# .#
#.##........# ..
#...........# #..
####..<.....# ..
####..†.##.##


You could see Duvessa (berserk).

Vanquished Creatures
  Maggie (D:6)
  3 water moccasins
  An ice beast (D:3)
  A necrophage (D:6)
  An ogre (D:4)
  A centaur (D:3)
  A phantom (D:5)
  A kobold brigand (D:4)
  A water moccasin zombie (D:6)
  2 scorpions
  Dowan (D:6)
  2 jellies
  2 orc priests (D:5)
  A hound (D:5)
  6 iguanas
  3 orc wizards
  Terence (D:2)
  A howler monkey zombie (D:5)
  5 adders
  2 worms
  A dart slug (D:3)
  12 orcs
  3 ball pythons (D:1)
  7 endoplasms
  4 giant cockroaches
  A goblin (D:3)
  6 hobgoblins
  6 jackals
  A quokka (D:1)
  3 bats
  2 frilled lizards
  9 kobolds
  9 rats
  6 bushes (D:5)
107 creatures vanquished.

Vanquished Creatures (others)
  11 plants (D:5)
11 creatures vanquished.

Grand Total: 118 creatures vanquished

Notes
Turn   | Place    | Note
-------+----------+-------------------------------------------
     0 | D:1      | Peloso the Minotaur Fighter began the quest for the Orb.
     0 | D:1      | Reached XP level 1. HP: 19/19 MP: 0/0
   212 | D:1      | Found a faded altar of an unknown god.
   361 | D:1      | Reached XP level 2. HP: 25/27 MP: 1/1
  1133 | D:2      | Noticed Terence
  1138 | D:2      | Killed Terence
  1139 | D:2      | Reached skill level 3 in Long Blades
  1139 | D:2      | Reached XP level 3. HP: 33/33 MP: 2/2
  1893 | D:3      | Noticed an ice beast
  1900 | D:3      | Killed an ice beast
  1901 | D:3      | Reached skill level 4 in Long Blades
  1901 | D:3      | Reached XP level 4. HP: 32/41 MP: 3/3
  1901 | D:3      | Reached XP level 5. HP: 37/47 MP: 4/4
  2545 | D:3      | Noticed a centaur
  2547 | D:3      | Noticed a water moccasin
  2556 | D:3      | Killed a water moccasin
  2557 | D:3      | Reached skill level 5 in Long Blades
  2557 | D:3      | Reached skill level 5 in Armour
  2557 | D:3      | Reached skill level 1 in Dodging
  2557 | D:3      | Reached XP level 6. HP: 29/53 MP: 5/5
  2973 | D:3      | Found a snail-covered altar of Cheibriados.
  3169 | D:4      | Reached skill level 6 in Long Blades
  3646 | D:4      | Reached XP level 7. HP: 46/60 MP: 6/6
  4034 | D:4      | Found a blossoming altar of Fedhas.
  4168 | D:5      | Entered Level 5 of the Dungeon
  4211 | D:5      | Reached skill level 5 in Fighting
  4211 | D:5      | HP: 1/61 [poisoned by a water moccasin]
  4514 | D:5      | Reached skill level 7 in Long Blades
  4736 | D:5      | Found a shimmering altar of Xom.
  4767 | D:5      | Reached skill level 1 in Stealth
  4767 | D:5      | Reached XP level 8. HP: 30/69 MP: 7/7
  5177 | D:5      | Found a white marble altar of Elyvilon.
  5340 | D:4      | Reached skill level 8 in Long Blades
  5848 | D:6      | Noticed Maggie
  5860 | D:6      | Killed Maggie
  5861 | D:6      | Reached skill level 5 in Shields
  5861 | D:6      | Reached skill level 1 in Evocations
  6083 | D:6      | Found a staircase to the Ecumenical Temple.
  6112 | D:6      | Reached skill level 9 in Long Blades
  6174 | Temple   | Entered the Ecumenical Temple
  6307 | D:6      | Found a glowing golden altar of the Shining One.
  6341 | D:6      | Noticed Dowan
  6344 | D:6      | Noticed Duvessa
  6348 | D:6      | Killed Dowan
  6361 | D:6      | HP: 3/71 [Duvessa/+0 rapier (12)]
  6363 | D:6      | Slain by Duvessa

Illustrated notes

Levels and vault maps discovered:
D:1:      dpeg_arrival_ternary, layout_basic,
          hellmonk_ecumenical_altar_leap_of_faith, minmay_tiny_reverse_x
D:2:      layout_loops_ring, minmay_misc_feat_roman, uniq_terence
D:3:      layout_basic, slow_altar_2, minmay_misc_feat_secret_circle,
          hangedman_decor_points
D:4:      nicolae_cairo_tiling, layout_rooms, fedhas_altar_1
D:5:      layout_cave_pools, mainiacjoe_overflow_paths,
          nicolae_elyvilon_peaceful_grove, hangedman_decor_slide_cut,
          lexackson_kobold_supper
D:6:      layout_basic, beargit_hepliaklqana_dungeon_heroes,
          nicolae_overflow_crystal_walls, minmay_temple_entry_antechambers,
          uniq_duvessa, uniq_menkaure, uniq_maggie
Temple:   nicolae_temple_hex_pool

Skill      XL: |  1  2  3  4  5  6  7  8 |
---------------+-------------------------+-----
Fighting       | 4 5 6 |  6.5
Shields        | 4 5 |  5.1
Long Blades    | 3 4 5 6 7 9 |  9.3
Armour         | 4 5 6 7 |  7.6
Dodging        | 1 2 |  2.8
Stealth        | 1 |  1.3
Evocations     | 1 |  1.0

Action                   |  1- 3 |  4- 6 |  7- 9 || total
-------------------------+-------+-------+-------++-------
Melee: Long sword        |    61 |    49 |   397 ||   507
       Headbutt          |    15 |    11 |   131 ||   157
Evoke: Wand              |       |       |     5 ||     5
  Use: Scroll            |       |       |     4 ||     4
       Potion            |       |       |     2 ||     2
Armor: Scale mail        |    21 |    20 |    30 ||    71
       Swamp dragon scal |       |       |    16 ||    16
Dodge: Dodged            |    20 |    25 |    69 ||   114
Block: Buckler           |    17 |    11 |    39 ||    67
